 Dungeon Crawl Stone Soup version 0.20-a0-1089-g3fde505 (webtiles) character file.

139780 Havoc the Fighter (level 16, -3/220 HPs)
             Began as a Grey Draconian Necromancer on May 2, 2017.
             Was the Champion of Kikubaaqudgha.
             Slain by a six-headed hydra (9 damage)
             ... on level 4 of the Swamp on May 3, 2017.
             The game lasted 06:36:18 (61344 turns).

Havoc the Fighter (Grey Draconian Necromancer)     Turns: 61344, Time: 06:36:19

Health: -3/220     AC: 28    Str: 23    XL:     16   Next: 74%
Magic:  6/42       EV:  2    Int: 17    God:    Kikubaaqudgha [******]
Gold:   387        SH:  0    Dex: 12    Spells: 1/42 levels left

rFire    + . .     SeeInvis .   h - +3 halberd of Recklessness {flame, rC- rN+ Str+7}
rCold    + . .     Gourm    +   (shield currently unavailable)
rNeg     + + +     Faith    .   (armour unavailable)
rPois    +         Spirit   .   (helmet currently unavailable)
rElec    +         Reflect  .   (cloak currently unavailable)
rCorr    +         Harm     .   (gloves currently unavailable)
MR       ++...     NoTele   +   (boots currently unavailable)
Stlth    +++.......             e - amulet "Acoedeq" {Gourm rC+ MR+}
Regen    0.5/turn               t - ring of resist corrosion
MPRegen  0.3/turn               j - ring of magical power

@: lethally poisoned (-3 -> -4), tree-form, resistant, very slightly
contaminated, invisible, very slow
A: (walk through water), unfitting armour, AC +14
a: Receive Corpses, Torment, Renounce Religion


You were on level 4 of the Swamp.
You worshipped Kikubaaqudgha.
Kikubaaqudgha was exalted by your worship.
You were hungry.
You were a tree.
You visited 6 branches of the dungeon, and saw 28 of its levels.
You also visited: Sewer.

You collected 2235 gold pieces.
You spent 1848 gold pieces at shops.

Inventory:

Hand Weapons
 h - the +3 halberd of Recklessness (weapon) {flame, rC- rN+ Str+7}
   (You found it on level 1 of the Swamp)

   It has been specially enchanted to burn those struck by it, causing extra
   injury to most foes and up to half again as much damage against particularly
   susceptible opponents.
   Big, fiery blades are also staple armaments of hydra-hunters.
   It affects your strength (+7).
   It makes you vulnerable to cold.
   It protects you from negative energy.
 G - a +5 scimitar of pain
Missiles
 d - 658 stones (quivered)
Armour
 x - a +0 pair of boots (melded)
 J - a +2 hat of intelligence (melded)
 V - the +1 pair of gloves "Tivusic" (melded) {rElec Int+2}
   (You found it on level 4 of the Lair of Beasts)

   It affects your intelligence (+2).
   It insulates you from electricity.
Jewellery
 e - the amulet "Acoedeq" (around neck) {Gourm rC+ MR+}
   (You found it on level 3 of the Lair of Beasts)

   [amulet of the gourmand]

   It allows you to eat raw meat even when not hungry.
   It protects you from cold.
   It affects your resistance to hostile enchantments.
 j - a ring of magical power (right branch)
 m - an uncursed ring of ice
 t - a ring of resist corrosion (left branch)
 R - an uncursed ring of positive energy
 S - the ring of the Salmon {+Fly rF- MR- Dex+6 SInv}
   (You bought it in a shop on level 2 of the Orcish Mines)

   [ring of flight]

   It affects your dexterity (+6).
   It makes you vulnerable to fire.
   It affects your resistance to hostile enchantments.
   It lets you see invisible.
   It lets you fly.
Wands
 b - a wand of lightning (6/15)
 o - a wand of lightning (7/15)
 u - a wand of confusion (16/48)
 w - a wand of confusion (25/48)
 F - a wand of polymorph (10/24)
 I - a wand of acid (0/15)
 N - a wand of flame (38/48)
 Q - a wand of random effects (12/48)
Scrolls
 a - 5 scrolls of amnesia
 n - a scroll of magic mapping
 r - 13 scrolls of remove curse
 T - a scroll of acquirement {unknown}
 W - 2 scrolls of enchant armour
Potions
 f - 4 potions of brilliance
 i - 4 potions of lignification
 l - 4 potions of cancellation
 p - 8 potions of flight
 C - 5 potions of might
 Y - 3 potions of agility
Books
 c - Kikubaaqudgha's Handbook of Sinister Arts
   (Kikubaaqudgha gifted it to you on level 7 of the Dungeon)

   Spells                             Type                      Level
   a - Animate Dead                   Necromancy                   4
   b - Excruciating Wounds            Charms/Necromancy            5
   c - Bolt of Draining               Conjuration/Necromancy       5
   d - Dispel Undead                  Necromancy                   5
   e - Simulacrum                     Ice/Necromancy               6
 v - a book of Misfortune

   Spells                             Type                      Level
   a - Confusing Touch                Hexes                        1
   b - Confuse                        Hexes                        3
   c - Gell's Gravitas                Translocation                3
   d - Petrify                        Transmutation/Earth          4
   e - Metabolic Englaciation         Hexes/Ice                    5
   f - Yara's Violent Unravelling     Hexes/Transmutation          5
 E - Kikubaaqudgha's Volume of Unholy Rites
   (Kikubaaqudgha gifted it to you on level 5 of the Dungeon)

   Spells                             Type                      Level
   a - Pain                           Necromancy                   1
   b - Corpse Rot                     Necromancy                   2
   c - Sublimation of Blood           Necromancy                   2
   d - Vampiric Draining              Necromancy                   3
   e - Control Undead                 Necromancy                   4
 H - a book of Conjurations

   Spells                             Type                      Level
   a - Magic Dart                     Conjuration                  1
   b - Searing Ray                    Conjuration                  2
   c - Dazzling Spray                 Conjuration/Hexes            3
   d - Fulminant Prism                Conjuration/Hexes            4
   e - Force Lance                    Conjuration/Translocation    4
   f - Iskenderun's Mystic Blast      Conjuration                  4
 K - a book of Power

   Spells                             Type                      Level
   a - Iskenderun's Battlesphere      Conjuration/Charms           5
   b - Venom Bolt                     Conjuration/Poison           5
   c - Bolt of Magma                  Conjuration/Fire/Earth       5
   d - Iron Shot                      Conjuration/Earth            6
   e - Orb of Destruction             Conjuration                  7
   f - Spellforged Servitor           Conjuration/Summoning        7
 L - a book of Flames

   Spells                             Type                      Level
   a - Flame Tongue                   Conjuration/Fire             1
   b - Throw Flame                    Conjuration/Fire             2
   c - Conjure Flame                  Conjuration/Fire             3
   d - Inner Flame                    Hexes/Fire                   3
   e - Sticky Flame                   Conjuration/Fire             4
   f - Fireball                       Conjuration/Fire             5
 M - a book of Changes

   Spells                             Type                      Level
   a - Beastly Appendage              Transmutation                1
   b - Sticks to Snakes               Transmutation                2
   c - Spider Form                    Transmutation/Poison         3
   d - Ice Form                       Ice/Transmutation            4
   e - Blade Hands                    Transmutation                5
 U - a book of Battle

   Spells                             Type                      Level
   a - Infusion                       Charms                       1
   b - Shroud of Golubria             Charms/Translocation         2
   c - Song of Slaying                Charms                       2
   d - Spectral Weapon                Hexes/Charms                 3
   e - Regeneration                   Charms/Necromancy            3
Miscellaneous
 y - a sack of spiders
Comestibles
 s - 12 royal jellies
 z - 2 meat rations
 A - 21 fruits
 B - 10 bread rations


   Skills:
 + Level 14.4 Fighting
 - Level 3.7 Polearms
 - Level 13.0 Dodging
 - Level 4.3 Stealth
 + Level 13.8 Spellcasting
 - Level 9.7 Conjurations
 - Level 11.7 Necromancy
 - Level 10.4 Fire Magic


You had one spell level left.
You knew the following spells:

 Your Spells              Type           Power        Failure   Level  Hunger
a - Pain                  Necr           ####         1%          1    None
b - Fireball              Conj/Fire      #####.....   2%          5    ####...
c - Regeneration          Chrm/Necr      ####......   1%          3    None
d - Control Undead        Necr           ######....   1%          4    #......
e - Vampiric Draining     Necr           ######....   1%          3    None
f - Animate Dead          Necr           N/A          1%          4    #......
g - Sublimation of Blood  Necr           ######....   1%          2    None
h - Bolt of Draining      Conj/Necr      #####.....   1%          5    ####...
i - Conjure Flame         Conj/Fire      #####...     1%          3    None
j - Flame Tongue          Conj/Fire      #####        1%          1    None
k - Bolt of Magma         Conj/Fire/Erth ####......   10%         5    ####...
l - Iskenderun's Battles  Conj/Chrm      ####....     22%         5    ####...


Dungeon Overview and Level Annotations

Branches:
Dungeon (12/15)            Temple (1/1) D:4            Lair (6/6) D:9
  Swamp (4/4) Lair:3        Snake (3/4) Lair:3          Orc (2/2) D:9
    Elf (0/3) Orc:2
  Slime: Lair:5-6

Altars:
Ashenzari
Cheibriados
Dithmenos
Elyvilon
Fedhas
Gozag
Hepliaklqana
Kikubaaqudgha
Makhleb
Nemelex Xobeh
Okawaru
Qazlal
Ru
Sif Muna
Trog
Uskayaw
Vehumet
Wu Jian
Xom
Yredelemnul
Zin
The Shining One
Beogh

Shops:
D:4 :   D:9 *   D:12 !   Orc:1 [}%   Orc:2 !=(

Portals:
Trove: D:12 (give 15 scrolls of teleportation)

Annotations:
D:4 Blork the orc; Havoc's ghost, amateur DrNe
Lair:1 exclusion: oklob plant
Snake:2 TheHza's ghost, adept GnSk
Snake:3 Aizul


Innate Abilities, Weirdness & Mutations

((You can walk through water.))
((Your dull iron-grey scales are very hard. (AC +14)))
You cannot fit into any form of body armour.
((You can survive without breathing.))
((You are cold-blooded and may be slowed by cold attacks.))


Message History

You are feeling hungry.
The swamp dragon is engulfed in a cloud of scalding steam.
The six-headed hydra bites you but does no damage. x5
The six-headed hydra bites you.
* * * LOW HITPOINT WARNING * * *
Casting: Bolt of Magma
Confirm with . or Enter, or press ? or * to list all spells.
Aiming: Bolt of Magma
Press: ? - help, Shift-Dir - straight line, f - six-headed hydra, p - swamp dragon
Aim: a six-headed hydra (lightly wounded)
The bolt of magma hits the six-headed hydra.
The six-headed hydra is moderately wounded.
The tree smoulders and burns.
You feel sick.
The swamp dragon bites you but does no damage.
The swamp dragon claws you but does no damage.
The swamp dragon tramples you but does no damage.
The six-headed hydra bites you but does no damage. x3
The six-headed hydra bites you!
You die...
Kikubaaqudgha rasps: "You have failed me!
Welcome... death!"

≈ ♣♣♣♣♣♣♣ ≈≈
♣≈.≈≈≈♣♣♣♣.≈≈
♣..≈≈≈.....≈≈
♣♣♣♣.≈≈DD≈..≈≈
♣♣♣§♣§§D♣§§..≈≈≈
.≈♣♣♣≈≈≈..§§♣.§..≈≈≈
♣≈≈(≈≈≈...♣♣.≈≈≈≈§≈
♣♣..≈≈.♣♣≈♣ §..§≈..
.≈.≈≈..♣♣♣♣♣ ♣♣♣.≈.≈
≈≈≈≈≈.♣ ..≈♣ ≈≈≈≈≈.
♣♣♣ ≈≈≈≈≈. ≈≈...


You could see a six-headed hydra, a four-headed hydra and a swamp dragon
(confused).

Vanquished Creatures
  Gastronok (D:8)
  A thorn hunter (Swamp:1)
  An orc warlord (Orc:1)
  Fannar (Lair:3)
  Erolcha (D:9)
  2 naga warriors
  8 hydras
  A merfolk avatar (Lair:6)
  7 anacondas
  A catoblepas (Lair:6)
  14 two-headed ogres
  12 alligators
  10 death yaks
  2 ogre magi (Orc:2)
  An orc high priest (Orc:2)
  The ghost of ojifijod the Bludgeoner, a novice MiFi of Okawaru (D:9)
  6 shock serpents
  7 naga sharpshooters
  14 slime creatures
  An unseen horror (D:12)
  A sea snake (Lair:6)
  2 swamp dragons
  A naga ritualist (Snake:1)
  3 shambling mangroves
  An orc knight (D:9)
  2 mana vipers
  2 ugly things (D:11)
  4 salamanders (Snake:1)
  An orc sorcerer (Orc:2)
  21 elephants
  A manticore (Lair:6)
  Psyche (D:11)
  8 naga magi
  Joseph (D:9)
  18 black mambas
  17 spiny frogs
  3 rime drakes
  2 gargoyles (D:12)
  9 komodo dragons
  A troll (D:9)
  3 meliai (Lair:4)
  A queen bee (Lair:4)
  5 tyrant leeches
  A wind drake (Lair:6)
  27 blink frogs
  4 polar bears
  A dream sheep (Lair:3)
  16 hornets
  9 bog bodies
  10 hippogriffs
  5 spriggans
  A water elemental (D:12)
  Sigmund (D:5)
  3 shadows
  25 yaks
  5 wyverns
  4 basilisks
  15 vampire mosquitoes
  A steam dragon (D:5)
  19 swamp worms
  4 wargs
  Edmund (D:6)
  15 nagas
  5 insubstantial wisps (Swamp:3)
  19 water moccasins
  9 porcupines
  A hornet zombie (D:11)
  17 orc warriors
  6 swamp drakes
  3 sky beasts (D:9)
  3 ice beasts
  4 phantoms
  2 black bears
  An eye of draining (D:12)
  30 ogres
  2 centaurs
  8 wolves
  7 crocodiles
  5 big kobolds
  12 bullfrogs
  A wyvern zombie (D:6)
  20 killer bees (Lair:4)
  A scorpion (D:8)
  4 wights (D:9)
  4 electric eels
  9 howler monkeys
  5 crimson imps
  3 bullfrog zombies
  2 quasits
  3 centaur zombies
  12 hounds
  3 jellies
  9 orc priests
  2 bullfrog skeletons
  11 worker ants
  4 iguanas
  17 orc wizards
  A worker ant zombie (D:10)
  A howler monkey skeleton (D:9)
  3 gnolls (D:5)
  17 adders
  2 shadow imps
  An ooze (D:6)
  An adder skeleton (D:5)
  2 worms
  4 dart slugs
  9 leopard geckos
  57 orcs
  7 ball pythons
  10 bats
  9 giant cockroaches
  11 hobgoblins
  15 jackals
  5 quokkas
  A ball python skeleton (D:4)
  4 frilled lizards
  8 goblins
  32 kobolds
  3 leopard gecko skeletons
  10 rats
  2 briar patches (Swamp:1)
  A plant (Lair:1)
827 creatures vanquished.

Vanquished Creatures (collateral kills)
  A naga warrior (Snake:2)
  2 hydras
  A catoblepas (Lair:3)
  A ghost crab (Swamp:1)
  2 two-headed ogres
  2 ogre magi (Orc:2)
  2 death yaks
  2 sea snakes (Lair:6)
  2 salamanders
  9 elephants
  A naga mage (Snake:2)
  A black mamba (Lair:6)
  9 spiny frogs
  A rime drake (Lair:6)
  A komodo dragon (Lair:6)
  A troll (Orc:2)
  3 polar bears
  4 hornets
  2 bog bodies (Swamp:2)
  6 dream sheep (Lair:3)
  11 blink frogs
  4 yaks
  A hungry ghost (D:10)
  2 basilisks
  A wraith (D:10)
  A swamp worm (Swamp:2)
  5 vampire mosquitoes
  7 nagas
  A warg (D:9)
  3 swamp drakes
  6 porcupines
  An orc warrior (D:9)
  7 water moccasins
  2 centaurs
  4 ogres
  5 crocodiles
  A wolf (Lair:6)
  4 bullfrogs
  A crimson imp (D:8)
  A hound (D:7)
  6 orc priests
  An orc wizard (D:9)
  A worker ant zombie (D:7)
  3 adders (Lair:3)
  A leopard gecko (D:9)
  12 orcs
  A ball python (Lair:3)
  A jackal (D:10)
  A quokka (D:7)
  2 fungi
150 creatures vanquished.

Vanquished Creatures (others)
  An orc wizard (Orc:1)
  An orc (Orc:1)
  A bush (Lair:6)
  62 fungi
  50 plants
115 creatures vanquished.

Grand Total: 1092 creatures vanquished

Notes
Turn   | Place    | Note
-------+----------+-------------------------------------------
     0 | D:1      | Havoc the Draconian Necromancer began the quest for the Orb.
     0 | D:1      | Reached XP level 1. HP: 14/14 MP: 3/3
   644 | D:1      | Reached XP level 2. HP: 14/22 MP: 0/5
  1099 | D:1      | Reached skill level 1 in Fighting
  1377 | D:1      | Reached XP level 3. HP: 26/28 MP: 4/7
  2736 | D:2      | Reached XP level 4. HP: 35/35 MP: 8/8
  2848 | D:3      | Found a glowing drain.
  2968 | Sewer    | Entered a sewer
  3134 | Sewer    | Noticed a big kobold
  3134 | Sewer    | Noticed a big kobold
  3161 | Sewer    | Killed a big kobold
  3161 | Sewer    | Reached skill level 2 in Fighting
  3161 | Sewer    | Reached XP level 5. HP: 41/41 MP: 7/11
  3551 | D:3      | Reached skill level 5 in Necromancy
  3616 | D:3      | Found a faded altar of an unknown god.
  3928 | D:3      | Reached XP level 6. HP: 49/50 MP: 7/12
  4328 | D:3      | Learned a level 1 spell: Animate Skeleton
  4332 | D:3      | Learned a level 3 spell: Regeneration
  4337 | D:3      | Learned a level 4 spell: Control Undead
  4341 | D:3      | Learned a level 3 spell: Vampiric Draining
  4400 | D:3      | Found an iron altar of Okawaru.
  4509 | D:3      | Reached skill level 3 in Fighting
  4780 | D:4      | Noticed Havoc's ghost (amateur DrNe)
  4794 | D:4      | Found a staircase to the Ecumenical Temple.
  4823 | Temple   | Entered the Ecumenical Temple
  4978 | Temple   | Became a worshipper of Kikubaaqudgha
  5525 | D:4      | Noticed Blork the orc
  5715 | D:4      | Found a sacrificial altar of Ru.
  5735 | D:4      | Reached skill level 5 in Spellcasting
  5961 | D:4      | Your scales start taking on a dull iron-grey colour.
  5961 | D:4      | Reached XP level 7. HP: 24/57 MP: 10/14
  5961 | D:4      | Gained mutation: You can survive without breathing. [Grey Draconian growth]
  6443 | D:4      | Found Zakaoru's Book Emporium.
  6509 | D:5      | Entered Level 5 of the Dungeon
  6711 | D:5      | Noticed Sigmund
  6761 | D:5      | Learned a level 4 spell: Animate Dead
  7072 | D:5      | Reached * piety under Kikubaaqudgha
  7072 | D:5      | Identified Kikubaaqudgha's Volume of Unholy Rites (Kikubaaqudgha gifted it to you on level 5 of the Dungeon)
  7072 | D:5      | Received a gift from Kikubaaqudgha
  7172 | D:5      | Noticed a steam dragon
  7399 | D:5      | Killed Sigmund
  7886 | D:5      | Reached XP level 8. HP: 38/63 MP: 7/17
  7958 | D:5      | Reached skill level 1 in Polearms
  8419 | D:6      | Noticed Edmund
  8445 | D:6      | Killed Edmund
  8618 | D:6      | Reached skill level 5 in Dodging
  8764 | D:6      | Learned a level 2 spell: Sublimation of Blood
  8767 | D:6      | Learned a level 2 spell: Corpse Rot
  9801 | D:7      | Reached skill level 4 in Fighting
  9857 | D:7      | Found an iron altar of Okawaru.
 10222 | D:7      | Noticed a hippogriff
 10253 | D:7      | Killed a hippogriff
 10253 | D:7      | Reached XP level 9. HP: 23/72 MP: 6/20
 11179 | D:7      | Reached ** piety under Kikubaaqudgha
 11289 | D:7      | Learned a level 3 spell: Conjure Flame
 11291 | D:7      | Learned a level 1 spell: Flame Tongue
 11643 | D:8      | Reached skill level 1 in Fire Magic
 11852 | D:8      | Noticed Gastronok
 13449 | D:7      | Reached *** piety under Kikubaaqudgha
 13449 | D:7      | Identified Kikubaaqudgha's Handbook of Sinister Arts (Kikubaaqudgha gifted it to you on level 7 of the Dungeon)
 13449 | D:7      | Received a gift from Kikubaaqudgha
 14037 | D:7      | Reached XP level 10. HP: 61/80 MP: 16/22
 14213 | D:9      | Noticed a two-headed ogre
 14445 | D:9      | Noticed an elephant
 14540 | D:7      | Reached skill level 5 in Fighting
 15189 | D:8      | Killed Gastronok
 15189 | D:8      | Reached skill level 6 in Fighting
 15668 | D:9      | Found a staircase to the Orcish Mines.
 15696 | D:9      | Noticed ojifijod's ghost (novice MiFi)
 15728 | Orc:1    | Entered Level 1 of the Orcish Mines
 15728 | Orc:1    | Noticed Erolcha
 15728 | Orc:1    | Noticed an orc knight
 15933 | D:9      | Reached skill level 7 in Fighting
 16097 | D:9      | Found a staircase to the Lair.
 16113 | Lair:1   | Entered Level 1 of the Lair of Beasts
 16348 | Lair:1   | Noticed a spiny frog
 16380 | Lair:1   | Killed a spiny frog
 16676 | Lair:1   | Found a blossoming altar of Fedhas.
 16694 | Lair:1   | Noticed an oklob plant
 17386 | Lair:1   | Learned a level 5 spell: Bolt of Draining
 17426 | Lair:1   | Reached skill level 8 in Fighting
 17426 | Lair:1   | Reached skill level 1 in Conjurations
 18280 | Lair:2   | Noticed a spiny frog
 18293 | Lair:2   | Killed a spiny frog
 18293 | Lair:2   | Reached XP level 11. HP: 91/94 MP: 17/24
 18596 | Lair:2   | You fall through a shaft!
 19234 | Lair:3   | Noticed Fannar
 19717 | Lair:3   | Reached **** piety under Kikubaaqudgha
 19781 | Lair:2   | Reached skill level 5 in Conjurations
 21257 | Lair:3   | Noticed a death yak
 21262 | Lair:3   | Noticed a death yak
 21263 | Lair:3   | Noticed a death yak
 22128 | Lair:3   | Found a staircase to the Snake Pit.
 22134 | Snake:1  | Entered Level 1 of the Snake Pit
 22330 | Lair:3   | Got a smoking crystal amulet
 22332 | Lair:3   | Identified the amulet "Acoedeq" {Gourm rC+ MR+} (You found it on level 3 of the Lair of Beasts)
 22346 | Lair:3   | Reached XP level 12. HP: 82/102 MP: 19/25
 22377 | Lair:3   | Reached ***** piety under Kikubaaqudgha
 22463 | Lair:3   | Noticed a four-headed hydra
 22766 | Lair:3   | Killed a four-headed hydra
 22914 | Lair:3   | Found a staircase to the Swamp.
 22924 | Swamp:1  | Entered Level 1 of the Swamp
 22938 | Lair:3   | Reached skill level 5 in Fire Magic
 23382 | Swamp:1  | Noticed a seven-headed hydra
 23728 | Lair:3   | Killed Fannar
 24434 | Lair:4   | Noticed a death yak
 24434 | Lair:4   | Noticed a death yak
 24435 | Lair:4   | Noticed a death yak
 24435 | Lair:4   | Noticed a death yak
 24436 | Lair:4   | Noticed a death yak
 24439 | Lair:4   | Noticed a death yak
 24617 | Lair:4   | Got a pair of translucent gloves
 24623 | Lair:4   | Identified the +1 pair of gloves "Tivusic" {rElec Int+2} (You found it on level 4 of the Lair of Beasts)
 24857 | Lair:4   | Noticed a six-headed hydra
 24926 | Lair:5   | Found a labyrinth entrance.
 24949 | Lair:5   | Noticed a four-headed hydra
 24978 | Lair:5   | Killed a four-headed hydra
 24978 | Lair:5   | Reached skill level 9 in Fighting
 25385 | Lair:5   | Noticed a death yak
 25654 | Lair:3   | Noticed a death yak
 25660 | Lair:3   | Noticed a death yak
 26331 | Lair:6   | Entered Level 6 of the Lair of Beasts
 26335 | Lair:6   | Found a dark tunnel.
 26340 | Lair:6   | Noticed a six-headed hydra
 26345 | Lair:6   | Killed a six-headed hydra
 26377 | Lair:6   | Reached skill level 10 in Fighting
 26383 | Lair:6   | Reached skill level 10 in Spellcasting
 26469 | Lair:6   | Noticed a catoblepas
 27566 | Lair:3   | Noticed a four-headed hydra
 27627 | Lair:3   | Killed a four-headed hydra
 28287 | Lair:3   | Reached XP level 13. HP: 92/114 MP: 15/27
 28644 | Lair:2   | Reached skill level 11 in Fighting
 30781 | Snake:1  | Reached skill level 12 in Fighting
 31829 | Snake:2  | Noticed TheHza's ghost (adept GnSk)
 32964 | Snake:2  | Noticed Aizul
 34577 | Snake:1  | Reached XP level 14. HP: 27/126 MP: 2/29
 35727 | Lair:3   | Reached skill level 10 in Dodging
 37076 | Lair:5   | Reached ****** piety under Kikubaaqudgha
 37078 | Lair:5   | Identified a +2 scimitar of pain (a +0 scimitar of venom bloodied by Kikubaaqudgha)
 37078 | Lair:5   | Received a gift from Kikubaaqudgha
 38454 | Lair:6   | Reached skill level 13 in Fighting
 38816 | Lair:5   | Learned a level 5 spell: Fireball
 41485 | Lair:6   | Reached skill level 10 in Necromancy
 41675 | Lair:5   | Learned a level 5 spell: Bolt of Magma
 41720 | Lair:5   | Reached XP level 15. HP: 131/135 MP: 30/30
 43286 | Swamp:1  | Noticed a thorn hunter
 43311 | Swamp:1  | Killed a thorn hunter
 44357 | D:9      | Killed Erolcha
 44719 | Orc:1    | Found a bloodstained altar of Trog.
 44725 | Orc:1    | Found Desibb's Antique Armour Shoppe.
 44737 | Orc:1    | Bought a pair of boots for 112 gold pieces
 44799 | Orc:2    | Entered Level 2 of the Orcish Mines
 45859 | Orc:2    | Found a roughly hewn altar of Beogh.
 46200 | Orc:2    | Found a staircase to the Elven Halls.
 46723 | Orc:2    | Found Kevann's Antique Weapon Shoppe.
 46723 | Orc:2    | Found Aqunem's Jewellery Shop.
 46724 | Orc:2    | Found Soeleir's Distillery.
 46724 | Orc:2    | Found Osunein's Food Emporium.
 46732 | Orc:2    | Bought a meat ration for 55 gold pieces
 46732 | Orc:2    | Bought a bread ration for 55 gold pieces
 46732 | Orc:2    | Bought 4 fruits for 66 gold pieces
 46732 | Orc:2    | Bought a royal jelly for 22 gold pieces
 46732 | Orc:2    | Bought a bread ration for 55 gold pieces
 46732 | Orc:2    | Bought a meat ration for 55 gold pieces
 46732 | Orc:2    | Bought a fruit for 16 gold pieces
 46732 | Orc:2    | Bought 6 fruits for 99 gold pieces
 46732 | Orc:2    | Bought a bread ration for 55 gold pieces
 46733 | Orc:2    | Bought a potion of brilliance for 60 gold pieces
 46733 | Orc:2    | Bought a potion of curing for 45 gold pieces
 46733 | Orc:2    | Bought a potion of heal wounds for 75 gold pieces
 46733 | Orc:2    | Bought a potion of curing for 45 gold pieces
 46733 | Orc:2    | Bought a potion of curing for 45 gold pieces
 46733 | Orc:2    | Bought a potion of heal wounds for 75 gold pieces
 46736 | Orc:2    | Bought the ring of the Salmon {+Fly rF- MR- Dex+6 SInv} for 361 gold pieces
 47442 | Orc:1    | Found Dalinwe's Gadget Shop.
 47446 | Orc:1    | Found Famunwit's Food Boutique.
 47454 | Orc:1    | Bought a bread ration for 55 gold pieces
 47454 | Orc:1    | Bought a bread ration for 55 gold pieces
 47454 | Orc:1    | Bought a meat ration for 55 gold pieces
 47454 | Orc:1    | Bought a royal jelly for 22 gold pieces
 47454 | Orc:1    | Bought a bread ration for 55 gold pieces
 47454 | Orc:1    | Bought a royal jelly for 22 gold pieces
 47454 | Orc:1    | Bought a royal jelly for 22 gold pieces
 47454 | Orc:1    | Bought a bread ration for 55 gold pieces
 47454 | Orc:1    | Bought a bread ration for 55 gold pieces
 47629 | Orc:1    | Noticed an orc warlord
 47648 | Orc:1    | Killed an orc warlord
 47937 | D:9      | Killed ojifijod's ghost
 47988 | D:9      | Noticed Joseph
 47993 | D:9      | Killed Joseph
 48124 | D:9      | Found Daptotiu's General Store.
 48409 | D:10     | Entered Level 10 of the Dungeon
 49410 | D:11     | Noticed Psyche
 49413 | D:11     | Killed Psyche
 50340 | D:12     | Found a portal to a secret trove of treasure.
 50774 | D:12     | Reached XP level 16. HP: 123/143 MP: 31/33
 50846 | D:12     | Found Retirgh's Distillery.
 50854 | D:12     | Bought a potion of brilliance for 52 gold pieces
 50854 | D:12     | Bought a potion of curing for 39 gold pieces
 50854 | D:12     | Bought a potion of heal wounds for 65 gold pieces
 51145 | D:12     | Learned a level 5 spell: Iskenderun's Battlesphere
 54263 | Swamp:1  | Got a translucent halberd
 54264 | Swamp:1  | Identified the +3 halberd of Recklessness {flame, rC- rN+ Str+7} (You found it on level 1 of the Swamp)
 55083 | Swamp:2  | Reached skill level 10 in Fire Magic
 56002 | Swamp:2  | Paralysed by a hornet for 2 turns
 59570 | Swamp:3  | Reached skill level 14 in Fighting
 59581 | Swamp:3  | Paralysed by a hornet for 2 turns
 61178 | Swamp:4  | Entered Level 4 of the Swamp
 61284 | Swamp:4  | Paralysed by a hornet for 2 turns
 61343 | Swamp:4  | HP: 6/220 [six-headed hydra (6)]
 61344 | Swamp:4  | Slain by a six-headed hydra

Vault maps used:
D:1:      minmay_arrival_shattered_statue
D:3:      cheibrodos_sewer_entry_drain, chequers_ecumenical_altar_twisty,
          okawaru_ov_weapons_minmay
D:4:      nicolae_ru_sacrificial_ziggurat, serial_shops, shop,
          uniq_blork_the_orc
D:5:      first_bread, hangedman_abyss_or_decor_stagger, uniq_sigmund
D:6:      st_stairs_4, serial_bayou_pond_e, uniq_edmund
D:7:      cheibrodos_barr_body, lemuel_round_altar, grunt_ogre_cave,
          corexii_hall_statues_i
D:8:      st_stairs_6, uniq_gastronok
D:9:      david_lair_generic, orc_0_dummy, serial_shops,
          nicolae_shop_waterfront, uniq_joseph
D:10:     hangedman_incinerator
D:11:     uniq_psyche
D:12:     serial_corexii_hall, corexii_hall_statues_u, corexii_hall_statues_i,
          enter_trove_0, serial_shops, nicolae_shop_waterfront
Temple:   regret_index_temple_chain_breaker
Lair:1:   tgw_fedhas, grunt_megastairs_3
Lair:3:   minmay_swamp_entry_worms, minmay_snake_entry_six_corridors,
          minmay_lair_oklob_chamber, grunt_megastairs_5, uniq_fannar
Lair:4:   special_room, serial_bayou_ford_a, small_statue_intersection,
          small_statue_intersection, serial_bayou_shore_b
Lair:5:   dpeg_slime_entry_corner, lab_entry_generic, st_stairs_11,
          beast_lair_carwin_1
Lair:6:   gammafunk_lair_ancient_temple, nicolae_volcano_entry_two_sided
Swamp:1:  evilmike_swamp_ruin_house_4
Swamp:2:  evilmike_swamp_ruin_rubble_1
Swamp:3:  evilmike_swamp_ruin_rubble_2
Swamp:4:  swamp_alternative, uniq_kirke, uniq_louise
Snake:1:  spider_trap, lemuel_fruit_tree
Snake:2:  uniq_aizul
Snake:3:  cheibrodos_snake_lava_hold
Orc:1:    basic_altar, serial_shops, shop, shop, shop, uniq_erolcha
Orc:2:    st_orc_ogre_mass, mines1_david
Sewer:    kennysheep_pipe_town

Skill      XL: |  1  2  3  4  5  6  7  8  9 10 11 12 13 14 15 16 |
---------------+-------------------------------------------------+-----
Fighting       | 1 2 3 4 8 10 12 13 14 | 14.4
Spellcasting   | 3 4 5 6 7 8 9 10 11 13 | 13.8
Necromancy     | 5 7 8 10 11 | 11.7
Dodging        | 2 3 5 6 8 9 11 12 13 | 13.0
Polearms       | 3 |  3.7
Fire Magic     | 4 6 8 9 10 | 10.4
Conjurations   | 3 8 9 |  9.7
Stealth        | 4 |  4.3

Action                   |  1- 3 |  4- 6 |  7- 9 | 10-12 | 13-15 | 16-18 || total
-------------------------+-------+-------+-------+-------+-------+-------++-------
Melee: Unarmed           |     7 |       |       |       |       |       ||     7
       Tailslap          |     4 |    11 |    33 |    43 |   128 |    63 ||   282
       Dagger            |    50 |   122 |    85 |   127 |       |       ||   384
       Scythe            |       |       |   196 |    18 |       |       ||   214
       Long sword        |       |       |       |    32 |    18 |       ||    50
       Scimitar          |       |       |       |       |   523 |    38 ||   561
       Halberd           |       |       |       |       |       |   299 ||   299
Throw: Stone             |     1 |     3 |    19 |    17 |    35 |    21 ||    96
 Cast: Pain              |    55 |    79 |   244 |   341 |   207 |    19 ||   945
       Control Undead    |       |       |    17 |    15 |     6 |       ||    38
       Animate Skeleton  |       |       |     6 |       |       |       ||     6
       Regeneration      |       |       |     9 |     4 |     3 |     2 ||    18
       Animate Dead      |       |       |    10 |    55 |   164 |    30 ||   259
       Conjure Flame     |       |       |     2 |    34 |    33 |    32 ||   101
       Corpse Rot        |       |       |     2 |     2 |       |       ||     4
       Flame Tongue      |       |       |       |   322 |   100 |    45 ||   467
       Bolt of Draining  |       |       |       |    11 |   304 |    87 ||   402
       Sublimation of Bl |       |       |       |     1 |     4 |       ||     5
       Fireball          |       |       |       |       |    20 |     2 ||    22
       Bolt of Magma     |       |       |       |       |    36 |    51 ||    87
       Vampiric Draining |       |       |       |       |     4 |       ||     4
       Iskenderun's Batt |       |       |       |       |       |     2 ||     2
Invok: Receive Corpses   |       |       |     1 |       |     1 |       ||     2
       Brand Weapon With |       |       |       |       |     1 |       ||     1
Evoke: Wand              |       |       |    15 |    44 |    11 |     6 ||    76
       Sack of spiders   |       |       |       |       |     1 |     3 ||     4
       Phantom mirror    |       |       |       |       |       |     1 ||     1
  Use: Scroll            |     1 |     3 |    19 |    21 |     9 |     8 ||    61
       Potion            |       |       |     2 |    14 |    17 |    22 ||    55
 Stab: Sleeping          |     2 |     3 |     1 |     1 |     2 |     1 ||    10
       Distracted        |       |       |     2 |       |     8 |     1 ||    11
       Confused          |       |       |       |       |       |     1 ||     1
  Eat: Chunk             |    16 |    14 |    22 |    29 |    44 |    32 ||   157
       Meat ration       |       |       |       |     2 |     5 |     2 ||     9
       Bread ration      |       |       |       |     3 |     7 |       ||    10
       Fruit             |       |       |       |       |    19 |       ||    19
       Royal jelly       |       |       |       |       |    11 |       ||    11
Armor: Skin              |    33 |    44 |   215 |   253 |   413 |   266 ||  1224
Dodge: Dodged            |    43 |   119 |   429 |   676 |  1230 |   531 ||  3028
       Rpst.: Long sword |       |       |       |    56 |    26 |       ||    82
       Scimitar          |       |       |       |       |   293 |    19 ||   312
